 Dungeon Crawl Stone Soup version 0.28.0-1-gb440e238dd (webtiles) character file.

Game seed: 8791255294548857701

91 jfcaron the Skirmisher (level 4, -2/45 HPs)
             Began as an Ogre Artificer on Feb 28, 2022.
             Was a Believer of Trog.
             Slain by an orc (8 damage)
             ... on level 3 of the Dungeon.
             The game lasted 00:04:20 (2187 turns).

jfcaron the Skirmisher (Ogre Artificer)             Turns: 2187, Time: 00:04:21

Health: -2/45      AC:  3    Str: 18    XL:     4   Next: 59%
Magic:  4/4        EV: 10    Int: 12    God:    Trog [**....]
Gold:   95         SH:  0    Dex:  9    Spells: 3/3 levels left

rFire   . . .      SeeInvis .   a - +0 club
rCold   . . .      Faith    .   (no shield)
rNeg    . . .      Spirit   .   b - +0 robe
rPois   .          Reflect  .   (helmet restricted)
rElec   .          Harm     .   (no cloak)
rCorr   .          Rampage  .   (gloves unavailable)
Will    .....                   (boots unavailable)
Stlth   +.........              (no amulet)
HPRegen 0.15/turn               (no ring)
MPRegen 0.09/turn               (no ring)

@: on berserk cooldown, slowed, very slow
A: large, unfitting armour, tough skin 1
a: Renounce Religion, Berserk, Trog's Hand


You were on level 3 of the Dungeon.
You worshipped Trog.
Trog was pleased with you.
You visited 1 branch of the dungeon, and saw 3 of its levels.

You collected 95 gold pieces.

Inventory:

Hand Weapons
 a - a +0 club (weapon)
 o - a +0 dagger
Missiles
 k - 58 stones (quivered)
 l - 53 sling bullets
 m - 29 arrows
Armour
 b - a +0 robe (worn)
Wands
 c - a wand of flame (8)
 d - a wand of charming (15)
Scrolls
 g - 6 scrolls of identify {unknown}
 h - 2 scrolls of immolation
 j - a scroll of brand weapon {unknown}
 q - 2 scrolls of summoning {unknown}
 r - a scroll of torment {unknown}
Potions
 f - 2 potions of flight {unknown}
 i - a potion of curing {unknown}
 n - 3 potions of attraction {unknown}
 p - a potion of lignification {unknown}
Miscellaneous
 e - a piece from Xom's chessboard (15/15)


   Skills:
 + Level 3.1 Fighting
 + Level 1.5 Maces & Flails
 + Level 2.8 Dodging
 - Level 0.6 Stealth
 + Level 3.0 Evocations


You had 3 spell levels left.
You didn't know any spells.
Your spell library was empty.

Dungeon Overview and Level Annotations

Branches:
Dungeon (3/15)

Altars:
Trog

Annotations:
D:3 1 transporter, zeram's ghost, weakling GrFi


Innate Abilities, Weirdness & Mutations

You are too large for most types of armour.
You have tough skin. (AC +1)


Message History

Trog accepts your kill. Something hits you.
Things that are here:
a +0 hand axe; a +0 leather armour; a stone; 3 poisoned darts You hit something.
Your punch misses something. Something hits you.
You miss something. You barely miss something. Something hits you.
You miss something. Something hits you but does no damage.
You closely miss something. Something hits you.
You completely miss something. Something hits you but does no damage.
You hit something. You miss something. Something hits you.
You sock something! Trog accepts your kill.
Trog appreciates your killing of a magic user.
You can now call upon Trog for regeneration and willpower.
Reactivating autopickup.
You feel a bit more experienced.
Your Fighting skill increases to level 3!
Your Evocations skill increases to level 3!
You sock the orc!
You kill the orc!
Trog accepts your kill.
You are no longer berserk.
You are exhausted.
You feel yourself slow down.
The orc priest invokes the aid of Beogh against you.
Beogh smites you!
* * * LOW HITPOINT WARNING * * *
The orc hits you with a +0 flail.
* * * LOW HITPOINT WARNING * * *
The orc completely misses you.
Things that are here:
a +0 club; a +0 ring mail; a +0 dagger; a +0 robe; 3 poisoned darts You barely miss the orc.
The orc hits you but does no damage.
The orc priest begins to cast a cantrip, but forgets the words!
The orc barely misses you.
You hit the orc but do no damage. The orc barely misses you.
The orc hits you with a +0 flail!
You die...

... ... ... #.#
##.## .o. # #o# #.
#@# #. #)#
#.##########.#
#.###....†.......#
........##########
..........#####
.###©####.....# #
# .#####.##
#...5#..#


You could see an orc priest and an orc.

Vanquished Creatures
  An orc wizard (D:3)
  2 adders (D:2)
  A dart slug (D:1)
  2 orcs (D:3)
  5 bats
  4 endoplasms
  2 giant cockroaches
  2 hobgoblins (D:1)
  3 jackals (D:1)
  4 kobolds
  A quokka (D:2)
  A ball python (D:2)
  5 frilled lizards
  5 goblins (D:1)
  7 rats
45 creatures vanquished.

Notes
Turn   | Place    | Note
-------+----------+-------------------------------------------
     0 | D:1      | jfcaron the Ogre Artificer began the quest for the Orb.
     0 | D:1      | Reached XP level 1. HP: 19/19 MP: 1/1
   133 | D:1      | Reached XP level 2. HP: 16/28 MP: 2/2
   434 | D:1      | Found a faded altar of an unknown god.
   443 | D:1      | Prayed at the altar of an unknown god.
   443 | D:1      | Became a worshipper of Trog the Wrathful
   443 | D:1      | Reached * piety under Trog
   795 | D:1      | Reached XP level 3. HP: 34/35 MP: 3/3
   972 | D:1      | Reached skill level 1 in Maces & Flails
  1678 | D:2      | Reached ** piety under Trog
  1906 | D:2      | Reached XP level 4. HP: 40/44 MP: 4/4
  2109 | D:3      | Found a transporter.
  2112 | D:3      | Noticed zeram's ghost (weakling GrFi)
  2184 | D:3      | HP: 6/45 [orc priest/divine providence (12)]
  2187 | D:3      | Slain by an orc

Illustrated notes

Levels and vault maps discovered:
D:1:      nicolae_arrival_somewhat_less_tricky_arrival, layout_rooms,
          hellmonk_ecumenical_altar_blasted
D:2:      layout_basic, chequers_jeans
D:3:      layout_loops_ring, gammafunk_ghost_stat_death,
          hangedman_decor_opposing

Skill      XL: |  1  2  3  4 |
---------------+-------------+-----
Fighting       | 2 3 |  3.1
Maces & Flails | 1 |  1.5
Evocations     | 3 |  3.0
Dodging        | |  2.8
Stealth        | |  0.6

Action                   |  1- 3 |  4- 6 || total
-------------------------+-------+-------++-------
Melee: Club              |   159 |    25 ||   184
Throw: Dart              |       |     8 ||     8
       Stone             |       |     1 ||     1
Invok: Berserk           |       |     1 ||     1
Evoke: Wand              |     7 |       ||     7
       Piece from Xom's  |     2 |       ||     2
Armor: Robe              |    67 |     7 ||    74
Dodge: Dodged            |   123 |    13 ||   136
